 Dungeon Crawl Stone Soup version 0.31-a0-180-g519b7de00c (webtiles) character file.

Game seed: 17578766096399973733

56 Moral the Sneak (level 3, -1/25 HPs)
             Began as an Octopode Brigand on June 19, 2023.
             Slain by a gnoll
             ... wielding a +0 spear
              (5 damage)
             ... on level 2 of the Dungeon.
             The game lasted 00:01:59 (940 turns).

Moral the Sneak (Octopode Brigand)                   Turns: 940, Time: 00:02:00

Health: -1/25      AC:  1    Str: 10    XL:     3   Next: 95%
Magic:  3/3        EV: 13    Int: 13    God:
Gold:   122        SH:  0    Dex: 15    Spells: 2/2 levels left

rFire   . . .        a - +2 dagger
rCold   . . .        (no shield)
rNeg    . . .        (helmet restricted)
rPois   .            h - amulet of the acrobat
rElec   .            (no ring)
rCorr   .            (no ring)
SInv    .            (no ring)
Will    .....        (no ring)
Stlth   ++++         (no ring)
HPRegen 0.24/turn    (no ring)
MPRegen 0.08/turn    (no ring)
                     (no ring)

%: acrobat
@: no status effects
A: almost no armour, amphibious, 8 rings, camouflage 1, gelatinous body 1,
(nimble swimmer 1), tentacles
a: no special abilities


You were on level 2 of the Dungeon.
You visited 1 branch of the dungeon, and saw 2 of its levels.

You collected 122 gold pieces.

Inventory:

Hand Weapons
 a - a +2 dagger (weapon)
Missiles
 b - 9 poisoned darts (quivered)
 c - 3 curare-tipped darts
Jewellery
 h - an amulet of the acrobat (around mantle)
Scrolls
 e - 3 scrolls of teleportation {unknown}
 j - a scroll of identify {unknown}
 l - a scroll of noise {unknown}
Potions
 d - a potion of ambrosia {unknown}
 f - 2 potions of degeneration {unknown}
 i - a potion of enlightenment {unknown}
 k - a potion of mutation {unknown}
 m - a potion of curing {unknown}


   Skills:
 * Level 2.9 Fighting
 + Level 2.4 Short Blades
 - Level 2.0 Throwing
 + Level 1.5 Dodging
 * Level 6.1 Stealth


You had 2 spell levels left.
You didn't know any spells.
Your spell library contained the following spells:

 Spells                   Type           Power      Damage    Failure   Level
 Magic Dart               Conj           0%         1d3       30%         1
 Slow                     Hex            0%         N/A       30%         1
 Searing Ray              Conj           0%         2d4       43%         2
 Confusing Touch          Hex            0%         N/A       67%         3
 Vampiric Draining        Necr           0%         2d6       67%         3
 Fulminant Prism          Conj/Hex       0%         3d5       97%         4


Dungeon Overview and Level Annotations

Branches:
Dungeon (2/15)

Altars:


Innate Abilities, Weirdness & Mutations

You cannot wear most types of armour.
You are amphibious.
You can wear up to eight rings at the same time.
Your skin changes colour to match your surroundings (Stealth+).
Your rubbery body absorbs attacks. (AC +1, EV +1)
((You are camouflaged when in or above water. (Stealth+)))
You have tentacles for arms and can constrict up to eight enemies at once.


Message History

The adder hisses angrily.
The gnoll shouts! x2
You hit the gnoll but do no damage. You grab the gnoll. You squeeze the gnoll!
The gnoll is severely wounded.
You constrict the gnoll. The gnoll hits you with a +0 flail.
You hit the gnoll but do no damage.
The gnoll is severely wounded.
You constrict the gnoll, but do no damage.
The gnoll barely misses you.
You hit the gnoll.
You kill the gnoll!
A dart slug comes into view.
A ball python comes into view.
The gnoll misses you. The gnoll hits you with a +0 spear.
You see here a +0 flail.
You hit the gnoll. Your grab misses the gnoll.
The gnoll is moderately wounded.
The gnoll hits you from afar with a +0 spear.
The gnoll barely misses you.
You hit the gnoll. You grab the gnoll.
The gnoll is heavily wounded.
You constrict the gnoll. The adder misses you.
The gnoll hits you from afar with a +0 spear!
The gnoll barely misses you.
You hit the gnoll.
The gnoll is severely wounded.
You constrict the gnoll. The adder completely misses you.
The adder bites you but does no damage.
As you read the scroll labelled YWISAKAFYQA, it dissolves into smoke.
It was a scroll of fog.
You constrict the gnoll. The gnoll misses you.
The gnoll hits you with a +0 spear.
* * * LOW HITPOINT WARNING * * *
The adder closely misses you.
Unknown command.
You release your grip on the gnoll.
The gnoll closely misses you. The adder attacks as you move away!
The adder misses you. The adder barely misses you.
The adder hisses angrily.
You hit the adder. Your grab misses the adder. You squeeze the adder.
The adder is moderately wounded.
The gnoll hits you from afar with a +0 spear.
You die...

#.....#...........
####.#............
#..............
#.##...........
#....[......... #####
#.#...######### ..... #....S#
...... #########.....#
......####.§§gS@S§<..#.#
.........S.g§S§§§§....>######
g......(.w.#######.#.#......#
.......##### #.#.#.####.#
S..g... #.#....# #.# .......
#.###..# #.# ....... #.##...#
#.# ....... #.##.†####.#
##.##.. #.##.......#


You could see a gnoll, 2 adders and a ball python.

Vanquished Creatures
  2 gnolls (D:2)
  2 worms
  2 dart slugs (D:1)
  3 endoplasms (D:1)
  A giant cockroach (D:1)
  6 goblins
  3 hobgoblins
  3 ball pythons
  2 bats (D:1)
24 creatures vanquished.

Notes
Turn   | Place    | Note
-------+----------+-------------------------------------------
     0 | D:1      | Moral the Octopode Brigand began the quest for the Orb.
     0 | D:1      | Reached XP level 1. HP: 14/14 MP: 1/1
    64 | D:1      | Reached XP level 2. HP: 17/19 MP: 2/2
    96 | D:1      | Found a faded altar of an unknown god.
   548 | D:2      | Reached XP level 3. HP: 25/25 MP: 3/3
   881 | D:2      | Reached skill level 6 in Stealth
   940 | D:2      | Slain by a gnoll

Illustrated notes

Levels and vault maps discovered:
D:1:      minmay_arrival_wavy_path, layout_basic,
          ebering_ecumenical_altar_ruins, nicolae_wormholes
D:2:      layout_basic

Skill      XL: |  1  2  3 |
---------------+----------+-----
Stealth        | 6 |  6.1
Fighting       | |  2.9
Short Blades   | |  2.4
Throwing       | |  2.0
Dodging        | |  1.5

Action                     || total
---------------------------++-------
  Melee: Dagger            ||    57
         Constrict         ||    14
         Tentacles         ||    12
    Use: Scroll            ||     1
   Stab: Sleeping          ||     8
 Armour: Skin              ||     4
  Dodge: Dodged            ||    44

Table legend: (Time is in decaauts)
 A = Elapsed time spent in this place.
 B = Non-inter-level travel time spent in this place.
 C = Inter-level travel time spent in this place.
 D = Time resting spent in this place.
 E = Time spent auto-exploring this place.
 F = Levels seen in this place.
 G = Mean time per level.
                   A        B        C        D        E       F      G
               +--------+--------+--------+--------+--------+-----+--------+
         Total |    933 |    886 |     47 |     91 |    586 |   2 |  466.5 |
       Dungeon |    933 |    886 |     47 |     91 |    586 |   2 |  466.5 |
               +--------+--------+--------+--------+--------+-----+--------+

Top non-repeatable levels by time:
     D:1: 520 daAuts
     D:2: 413 daAuts
